 Seeded DCSS version 0.30-a0-134-gb40fab5c76 (webtiles) character file.

Game seed: 17246712331252751712 (custom seed)

1 wilfster70 the Magician (level 1, 0/15 HPs)
             Began as a Djinni Ice Elementalist on Sept 19, 2022.
             Frozen to death by an endoplasm (6 damage)
             ... on level 1 of the Dungeon.
             The game lasted 00:00:11 (22 turns).

wilfster70 the Magician (Djinni Ice Elementalist)     Turns: 22, Time: 00:00:12

Health: 0/15       AC:  2    Str:  7    XL:     1   Next: 22%
Gold:   0          EV: 12    Int: 16    God:
                   SH:  0    Dex: 13

rFire   + + .      SeeInvis .    (no weapon)
rCold   x . .      Faith    .    (no shield)
rNeg    . . .      Spirit   .    a - +0 robe
rPois   ∞          Reflect  .    (no helmet)
rElec   .          Harm     .    (no cloak)
rCorr   .          Rampage  .    (no gloves)
Will    .....                    (boots unavailable)
Stlth   ++........               (no amulet)
HPRegen 0.05/turn                (no ring)
MPRegen 0.00/turn                (no ring)

@: flying
A: sickness immunity, fire resistance 2, cold vulnerability 1, float, innate
caster, HP casting, extra vitality 1
a: no special abilities


You were on level 1 of the Dungeon.
You visited 1 branch of the dungeon, and saw 1 of its levels.

Inventory:

Armour
 a - a +0 robe (worn)


   Skills:
 - Level 2.1 Dodging
 - Level 1.5 Stealth
 + Level 3.3 Spellcasting


You couldn't memorise any spells.
You knew the following spells:

 Your Spells              Type           Power      Damage    Failure   Level
a - Freeze                Ice            52%        1d7       4%          1
b - Frozen Ramparts       Ice            26%        1d4       14%         3
c - Ozocubu's Armour      Ice            13%        N/A       14%         3
d - Hailstorm             Conj/Ice       13%        3d5       43%         4
Your spell library was empty.

Dungeon Overview and Level Annotations

Branches:
Dungeon (1/15)

Altars:


Innate Abilities, Weirdness & Mutations

You are immune to sickness and miasma.
You are immune to poison.
Your flesh is very heat resistant. (rF++)
You are vulnerable to cold. (rC-)
You float through the air rather than walking.
You learn spells naturally, not from books.
Your magical power is your life essence.
You have superior vitality. (+4 MHP)


Message History

Welcome, wilfster70 the Djinni Ice Elementalist.
Game seed: 17246712331252751712 (custom seed) Press ? for a list of commands and other information.
Found a staircase leading out of the dungeon.
You begin with the following spells memorised: Freeze, Frozen Ramparts, Ozocubu's Armour, Hailstorm.
You reach down and open the door.
Found a stone staircase leading down.
A bat comes into view.
There is an open door here.
You hit the bat.
The bat is heavily wounded.
The bat hits you. The bat barely misses you.
Cast which spell? (? or * to list)
Aiming: Freeze (safe; 4% risk of failure)
Press: ? - help, Shift-Dir - straight line, f - bat
Aim: a bat (heavily wounded)
You freeze the bat.
You kill the bat!
Found a scroll labelled OHUHEGH QICYXI.
An endoplasm comes into view.
The endoplasm quivers.
A quokka comes into view.
The endoplasm freezes you.
You are frozen!
You feel a terrible chill!
Casting: Freeze (safe; 4% risk of failure)
Confirm with . or Enter, or press ? or * to list all spells.
Aiming: Freeze (safe; 4% risk of failure)
Press: ? - help, Shift-Dir - straight line, f - quokka
Aim: a quokka You freeze the quokka.
The quokka is severely wounded.
The quokka barely misses you. The endoplasm freezes you.
You are frozen.
You feel a terrible chill!
You die...

.......<.......'.#..#..#
####.......#####.>....#
##.....######..##.###
##...##.##...##.....
##.###.##......### #.#
#.##..........
#.###.#...#######.
#.##.....## #@.#..#
#..Jr....# #...#.#...#.#
.. ......?....
......#......
..##......#.### #
..##.#.#.# ## ###.. .


You could see an endoplasm and a quokka.

Vanquished Creatures
  A bat (D:1)
1 creature vanquished.

Notes
Turn   | Place    | Note
-------+----------+-------------------------------------------
     0 | D:1      | wilfster70 the Djinni Ice Elementalist began the quest for
                  | the Orb.
     0 | D:1      | wilfster70 set off with the following spells memorised:
                  | Freeze, Frozen Ramparts, Ozocubu's Armour, Hailstorm.
     0 | D:1      | Reached XP level 1. HP: 15/15 MP: 0/0
    22 | D:1      | Frozen to death by an endoplasm

Illustrated notes

Levels and vault maps discovered:
D:1:      evilmike_arrival_plus, layout_rooms

Action                   || total
-------------------------++-------
Melee: Unarmed           ||     1
 Cast: Freeze            ||     2
Dodge: Dodged            ||     2

Table legend: (Time is in decaauts)
 A = Elapsed time spent in this place.
 B = Non-inter-level travel time spent in this place.
 C = Inter-level travel time spent in this place.
 D = Time resting spent in this place.
 E = Time spent auto-exploring this place.
 F = Levels seen in this place.
 G = Mean time per level.
                   A        B        C        D        E       F      G
               +--------+--------+--------+--------+--------+-----+--------+
         Total |     22 |     22 |      0 |      0 |      0 |   1 |   22.0 |
       Dungeon |     22 |     22 |      0 |      0 |      0 |   1 |   22.0 |
               +--------+--------+--------+--------+--------+-----+--------+

Top non-repeatable levels by time:
     D:1: 22 daAuts
